AoeStats
← 布丁

QS Arena

503730925Analyzed
4v4 RM · 1mo ago on Sep 2, 2026· 24m 16s· 8 players
Game mode
Random Map
Map size
Large (8 player)
Population
200
Speed
Normal
Resources
Standard
Victory
Conquest
Starting age
Dark Age
Ending age
Imperial Age
RankedLock teamsTeams togetherTeam positionsShared explorationLock speedFull tech treeHidden civsTurbo modeCheats
Victory
Defeat
🇨🇱 Italians · Chile
1070
+13
🇨🇱 Celts · Chile
1042
+15
🇨🇱 Mongols · Chile
1035
+15
🇨🇱 Franks · Chile
948
+19
🇨🇱 Cumans · Chile
1097
-19
🇹🇼 Goths · Taiwan
993
-41
🇨🇦 Britons · Canada
983
-14
🇨🇳 Spanish · China
972
-14
VonPiatre
0:54 Loom
10:02 Feudal Age
14:51 Castle Age
12:38 Double-Bit Axe
12:55 Horse Collar
matperez302
8:39 Feudal Age
14:11 Castle Age
Cisco Beats
6:55 Feudal Age
8:50 Loom
11:15 Castle Age
11:02 Double-Bit Axe
11:00 Horse Collar
12:29 Bow Saw
18:00 Loom
18:51 Wheelbarrow
18:18 Town Watch
18:52 Heavy Plow
20:18 Hand Cart
23:40 Town Patrol
24:05 Fletching
24:16 Padded Archer Armor
27:03 Imperial Age
VonViper
8:22 Feudal Age
8:49 Double-Bit Axe
8:53 Horse Collar
16:48 Castle Age
17:55 Bow Saw
18:35 Elite Skirmisher
19:23 Light Cavalry
21:54 Scale Barding Armor
22:47 Bloodlines
22:34 Fletching
Unbreakable
5:13 Loom
8:58 Feudal Age
13:10 Castle Age
12:52 Double-Bit Axe
12:52 Horse Collar
13:06 Stone Mining
18:49 Fletching
21:32 Gold Mining
22:36 Bow Saw
22:32 Bodkin Arrow
23:35 Padded Archer Armor
Doppelgänger
6:01 Loom
7:50 Feudal Age
8:56 Double-Bit Axe
11:20 Fletching
12:23 Padded Archer Armor
food
0:28 Loom
9:15 Feudal Age
布丁
1:01 Loom
10:55 Feudal Age
12:25 Wheelbarrow
15:09 Castle Age
16:03 Double-Bit Axe
16:04 Horse Collar
20:45 Bow Saw
21:25 Fletching
23:55 Heavy Plow
23:49 Gold Mining
23:56 Stone Mining
Connection lost

Rejoining the realm…

Still unreachable

The connection could not be restored.

Session expired

The server has moved on; the page needs a fresh start.